 Dungeon Crawl Stone Soup version 0.22.1-1-ga44c0e5 (webtiles) character file.

790 Lilu the Destroyer (level 7, -2/38 HPs)
             Began as a Deep Elf Conjurer on Nov 10, 2018.
             Slain by an orc warrior
             ... wielding a +0 dire flail
              (17 damage)
             ... on level 5 of the Dungeon.
             The game lasted 00:41:19 (8032 turns).

Lilu the Destroyer (Deep Elf Conjurer)              Turns: 8032, Time: 00:41:20

Health: -2/38      AC:  4    Str:  6    XL:     7   Next: 57%
Magic:  3/16       EV: 13    Int: 23    God:
Gold:   263        SH:  0    Dex: 15    Spells: 8/15 levels left

rFire    + + .     SeeInvis .   F - +6 war axe of War {distort, rF+ rC+ Int+2}
rCold    + . .     Gourm    .   (no shield)
rNeg     . . .     Faith    .   k - +0 leather armour
rPois    .         Spirit   .   (no helmet)
rElec    .         Reflect  .   (no cloak)
rCorr    .         Harm     .   (no gloves)
MR       .....                  v - +0 pair of boots
Stlth    ++........             (no amulet)
HPRegen  0.12/turn              A - ring of protection from fire
MPRegen  0.15/turn              (no ring)

@: no status effects
A: no striking features
a: no special abilities


You were on level 5 of the Dungeon.
You were near starving.

You visited 1 branch of the dungeon, and saw 6 of its levels.
You also visited: Sewer.

You collected 263 gold pieces.

Inventory:

Hand Weapons
 e - a +0 hunting sling
 l - a +0 spear
 C - a cursed -1 quarterstaff
 F - the +6 war axe of War (weapon) {distort, rF+ rC+ Int+2}
   (You took it off an orc on level 4 of the Dungeon)

   It warps and distorts space around it.
   Unwielding it can cause banishment or high damage.
   It affects your intelligence (+2).
   It protects you from fire.
   It protects you from cold.
Missiles
 j - 125 stones (quivered)
 o - 8 needles of sleeping
 q - 67 arrows
Armour
 a - a +0 robe
 b - a +0 ring mail
 k - a +0 leather armour (worn)
 v - a +0 pair of boots (worn)
 y - a +0 scale mail
Jewellery
 A - a ring of protection from fire (left hand)
Wands
 x - a wand of paralysis (12)
Scrolls
 f - 5 scrolls of identify {unknown}
 h - 4 scrolls of remove curse
 m - 5 scrolls of teleportation {unknown}
 p - a scroll of immolation {unknown}
 r - a scroll of blinking {unknown}
 s - 2 scrolls of magic mapping {unknown}
 t - a scroll of fear {unknown}
 B - a scroll of random uselessness {unknown}
 D - a scroll of amnesia {unknown}
Potions
 d - a potion of lignification {unknown}
 g - 2 potions of flight {unknown}
 i - 2 potions of curing {unknown}
 n - 2 potions of might {unknown}
 u - 3 potions of magic {unknown}
 w - a potion of berserk rage {unknown}
 z - 3 potions of heal wounds {unknown}
Comestibles
 c - 11 rations


   Skills:
 + Level 1.1 Fighting
 - Level 4.1 Dodging
 - Level 2.4 Stealth
 + Level 4.8 Spellcasting
 * Level 9.1 Conjurations


You had 8 spell levels left.
You knew the following spells:

 Your Spells              Type           Power        Failure   Level  Hunger
a - Magic Dart            Conj           ####         1%          1    None
b - Searing Ray           Conj           #####.       1%          2    None
c - Iskenderun's Mystic   Conj           #####...     3%          4    ####...

Your spell library contained the following spells:

 Spells                   Type           Power        Failure   Level  Hunger
 Throw Frost              Conj/Ice       ####..       3%          2    None
 Dazzling Spray           Conj/Hex       ####..       7%          3    ##.....
 Freeze                   Ice            #...         16%         1    None
 Force Lance              Conj/Tloc      ####....     22%         4    ####...
 Fulminant Prism          Conj/Hex       ####......   22%         4    ####...
 Throw Icicle             Conj/Ice       ####....     22%         4    ####...
 Ozocubu's Armour         Chrm/Ice       #.......     41%         3    ##.....
 Summon Ice Beast         Ice/Summ       #.......     83%         4    ####...


Dungeon Overview and Level Annotations

Branches:
Dungeon (6/15)
 Temple: D:4-7

Altars:
Cheibriados
Qazlal
Yredelemnul

Shops:
D:4 [

Annotations:
D:4 2 transporters, zapotec's ghost, amateur OpAs


Message History

Press: ? - help, Shift-Dir - straight line, f/p - orc warrior
Aim: an orc warrior, wielding a dire flail and wearing a chain mail (heavily The orb of energy hits the orc warrior.
The orc warrior is almost dead.
The orb of energy explodes!
The mystic blast hits the shadow imp.
You kill the shadow imp!
You are near starving!
The orc warrior hits you with a dire flail!
* * * LOW HITPOINT WARNING * * *
You climb upwards.
There is a stone staircase leading down here.
There is an open door here.
Casting: Iskenderun's Mystic Blast (safe; 3% risk of failure)
Confirm with . or Enter, or press ? or * to list all spells.
Aiming: Iskenderun's Mystic Blast (safe; 3% risk of failure)
Press: ? - help, Shift-Dir - straight line, f - orc warrior
Aim: an orc warrior, wielding a dire flail and wearing a chain mail (almost The orb of energy misses the orc warrior.
The orc warrior hits you with a dire flail!
You die...

########..# #.#### #.# #..
#....^....# #.##.####.### #..
#.........# #...........###..
#.........#### ####......#.#....
#.........#..#######.######.#.#..
#.................##..#.###.#.#..
..........#...............#.#.#..
.........#.......................
##.##8.........o@...#.#.#.#.#.###
#.).##................#..........
##......#..########.......#...###
)....#..'............####.#.#.#
........#.....#####......)..###
.....#..#.###.#....#.##.......#
.#.#.8#.#.#..........##.......#
.....##.#.'....###.####......>#
.....##.###....# #.# #.......#


You could see an orc warrior.

Vanquished Creatures
  A sky beast (D:6)
  A howler monkey (D:5)
  A crimson imp (D:5)
  A bullfrog skeleton (D:5)
  2 hounds (D:4)
  3 orc priests
  3 orc wizards (D:4)
  3 worker ants (D:4)
  A howler monkey zombie (D:5)
  11 adders
  A gnoll (D:1)
  A river rat (D:3)
  2 shadow imps
  An adder skeleton (D:4)
  2 worms (D:3)
  2 dart slugs
  5 leopard geckos
  15 orcs
  10 giant cockroaches
  8 goblins
  10 hobgoblins
  3 jackals (D:3)
  2 quokkas
  6 ball pythons
  A ball python skeleton (D:4)
  10 bats
  9 frilled lizards
  A giant cockroach zombie (D:5)
  2 gnoll zombies (D:2)
  9 kobolds
  2 quokka skeletons (D:4)
  12 rats
141 creatures vanquished.

Notes
Turn   | Place    | Note
-------+----------+-------------------------------------------
     0 | D:1      | Lilu the Deep Elf Conjurer began the quest for the Orb.
     0 | D:1      | Reached XP level 1. HP: 10/10 MP: 6/6
   460 | D:1      | Reached XP level 2. HP: 15/15 MP: 6/8
   482 | D:1      | Learned a level 2 spell: Searing Ray
   504 | D:1      | Reached skill level 5 in Conjurations
   705 | D:1      | Reached XP level 3. HP: 19/19 MP: 5/9
  1972 | D:2      | Reached skill level 6 in Conjurations
  2114 | D:2      | Reached XP level 4. HP: 24/24 MP: 5/10
  2168 | D:2      | Learned a level 4 spell: Iskenderun's Mystic Blast
  2272 | D:2      | Found a basalt altar of Yredelemnul.
  3177 | D:3      | Found a glowing drain.
  3185 | Sewer    | Entered a sewer
  3241 | Sewer    | Reached XP level 5. HP: 28/28 MP: 9/11
  3303 | Sewer    | Reached skill level 7 in Conjurations
  4088 | D:3      | Found a stormy altar of Qazlal.
  4884 | D:4      | Found a snail-covered altar of Cheibriados.
  4894 | D:5      | Entered Level 5 of the Dungeon
  4934 | D:4      | Found a transporter.
  4935 | D:4      | Noticed zapotec's ghost (amateur OpAs)
  4938 | D:4      | Noticed an ogre
  4941 | D:4      | Found Ziarryob's Antique Armour Boutique.
  5212 | D:4      | Reached XP level 6. HP: 32/32 MP: 8/12
  5341 | D:4      | Reached skill level 8 in Conjurations
  5901 | D:4      | Noticed an orc warrior
  6311 | D:4      | Found a transporter.
  6753 | D:4      | Got a translucent war axe {distort}
  6754 | D:4      | Identified the +6 war axe of War {distort, rF+ rC+ Int+2}
                  | (You took it off an orc on level 4 of the Dungeon)
  6860 | D:5      | Reached XP level 7. HP: 36/36 MP: 9/15
  7938 | D:6      | Reached skill level 1 in Fighting
  7938 | D:6      | Reached skill level 9 in Conjurations
  8032 | D:5      | Slain by an orc warrior

Skill      XL: |  1  2  3  4  5  6  7 |
---------------+----------------------+-----
Conjurations   | 5 6 7 8 9 |  9.1
Dodging        | 4 |  4.1
Spellcasting   | 4 |  4.8
Fighting       | 1 |  1.1
Stealth        | |  2.4

Action                   |  1- 3 |  4- 6 |  7- 9 || total
-------------------------+-------+-------+-------++-------
Melee: Spear             |       |    19 |       ||    19
       War axe           |       |       |    31 ||    31
 Fire: Hunting sling     |       |    10 |       ||    10
 Cast: Magic Dart        |    79 |    90 |    10 ||   179
       Searing Ray       |     2 |    22 |     3 ||    27
       Iskenderun's Myst |       |       |     5 ||     5
  Use: Scroll            |       |       |     1 ||     1
 Stab: Sleeping          |       |     1 |     1 ||     2
  Eat: Chunk             |     3 |    12 |     3 ||    18
       Ration            |       |     1 |       ||     1
Armor: Robe              |     1 |     7 |       ||     8
       Leather armour    |       |     1 |     6 ||     7
Dodge: Dodged            |    10 |    37 |    15 ||    62
